Unix NetHack Version 5.0.0-0 post-release - last build May 31 2026 23:59:36 (970b52f25bf058293b47ddfd14a1e40e571c508c,branch:main).

Game began 2026-06-04 08:29:14, ended 2026-06-04 08:45:16.

FutureTim, lawful female human Valkyrie

                                                    ------------
                                                    |....|.....
                                                     .........---
                                                       -.......0|
                                                       |..G.....|
                                                       --@f.....| ---
                                                   ---  |<......|--.--
                                                   |..  --.---..-|...|
                                                 ---...----- -->.|).-|
                                                 |........ -----.|...|
                                                   |......--.---)....--
                                                     -^....)..).*.....--
                                                     -- --......)......|
                                                         ----..........|
                                                            --.......---
                                                             ------.--
                                                                  ---
FutureTim the Skirmisher    St:17 Dx:12 Co:16 In:11 Wi:10 Ch:9  Lawful
Dlvl:4  $:39 HP:0(30) Pw:12(12) AC:0  Xp:4 T:2093 

Latest messages:
 The kitten bites!
 You miss the kitten.
 The kitten just misses!
 You kill the kitten!
 Welcome to experience level 4.
 You can see again.
 The housecat picks up a dagger.
 The housecat drops a dagger.
 You miss the gnome.
 You miss the gnome.
 The gnome hits!
 You miss the gnome.
 The gnome hits!
 You hit the gnome.
 You miss the gnome.
 You hit the gnome.
 The gnome hits!
 You see here a dagger.
 The gnome picks up a dagger.
 You are beginning to feel hungry.
 The gnome throws a dagger!
 A dagger misses you.
 What do you want to eat? [d or ?*] d
 This food really hits the spot!
 You finish eating the food ration.
 The housecat misses the iguana.
 The housecat bites the iguana.
 The housecat bites the iguana.
 The iguana misses!
 The housecat bites the iguana.
 The iguana misses the housecat.
 You miss the iguana.
 The housecat bites the iguana.
 The iguana is killed!
 The gnome wields an aklys!
 The gnome secures the tether on the aklys.
 The housecat misses the gnome.
 The housecat misses the gnome.
 The gnome throws an aklys!
 An aklys misses you.
 The aklys returns to the gnome's hand!
 The gnome swings her aklys.
 The gnome hits!
 You miss the gnome.
 The housecat misses the gnome.
 The gnome swings her aklys.
 The gnome hits!
 You die...
 Do you want your possessions identified? [ynq] (y) y
 Do you want to see your attributes? [ynq] (y) q

Inventory:
 Coins    ('$')
  $ - 39 gold pieces
 Amulets  ('"')
  h - a cursed amulet of change
 Weapons  (')')
  b - 6 +0 daggers (at the ready)
  q - a cursed -1 elven dagger
  v - a thoroughly rusty +0 orcish dagger
  w - a +0 dwarvish short sword (weapon in right hand)
  x - a rusty -1 war hammer
 Armor    ('[')
  y - a blessed +0 dwarvish iron helm
  k - an uncursed +0 orcish helm
  z - an uncursed +0 pair of iron shoes
  c - an uncursed +3 small shield (being worn)
  A - a cursed -1 dwarvish cloak
  r - a blessed +1 elven mithril-coat (being worn)
 Comestibles  ('%')
  d - 2 uncursed food rations
 Scrolls  ('?')
  u - an uncursed scroll of fire
  n - 2 uncursed scrolls of identify
  o - an uncursed scroll of magic mapping
  t - an uncursed scroll of remove curse
 Potions  ('!')
  i - an uncursed potion of sickness
 Tools    ('(')
  l - an uncursed towel

FutureTim the Valkyrie's attributes:

Background:
 You were a Skirmisher, a level 4 human Valkyrie.
 You were lawful, on a mission for Tyr
 who was opposed by Odin (neutral) and Loki (chaotic).
 You were right-handed.
 You were in the Gnomish Mines, on level 4.
 You entered the dungeon 2093 turns ago.
 You had 84 experience points, 76 more were needed to attain level 5.

Basics:
 You had 0 out of 30 hit points.
 You had all 12 energy points (spell power).
 Your armor class was 0.
 Your wallet contained 39 zorkmids.
 Autopickup was off.

Final Characteristics:
 Your strength was 17 (limit:18/100).
 Your dexterity was 12 (limit:18).
 Your constitution was 16 (limit:18).
 Your intelligence was 11 (limit:18).
 Your wisdom was 10 (limit:18).
 Your charisma was 9 (limit:18).

Final Status:
 You weren't hungry.
 You were unencumbered.
 You were wielding a short sword.
 You were unskilled in short sword.

Final Attributes:
 You were devoutly aligned.
 You were cold resistant.
 You were telepathic.
 You were stealthy.
 You were guarded.
 You are dead.

Miscellaneous:
 You didn't encounter any bones levels.
 Total elapsed playing time was 16 minutes and 1 second.

Major events:
 Turn
    1: FutureTim the lawful human Valkyrie entered the dungeon
 1286: attained the rank of Skirmisher (level 3)
 1892: entered the Gnomish Mines
 2093: killed by a gnome

You didn't know any spells.

Skills:
 Fighting Skills
   bare handed combat [Unskilled]
   two weapon combat  [Unskilled]
   riding             [Unskilled]
 Weapon Skills
   dagger             [Basic]
   axe                [Unskilled]
   pick-axe           [Unskilled]
   short sword        [Unskilled]
   broadsword         [Unskilled]
   long sword         [Unskilled]
   two-handed sword   [Unskilled]
   saber              [Unskilled]
   hammer             [Basic]
   quarterstaff       [Unskilled]
   polearms           [Unskilled]
   spear              [Basic]
   trident            [Unskilled]
   lance              [Unskilled]
   sling              [Unskilled]
 Spellcasting Skills
   attack spells      [Unskilled]
   escape spells      [Unskilled]

Voluntary challenges:
 Character rerolling was not enabled.
 You never genocided any monsters.
 You never polymorphed an object.
 You never changed form.
 You used no wishes.
Achievements:
 You entered a shop.
 You attained the rank of Skirmisher.
 You entered the Gnomish Mines.

 The Dungeons of Doom: levels 1 to 3
    Level 1:
       Some fountains, many trees.
    Level 2:
       A fountain.
    Level 3:
       A scroll shop.
       Stairs down to The Gnomish Mines.
 The Gnomish Mines:
    Level 4: <- You were here.
       Final resting place for
          you, killed by a gnome.


Vanquished creatures:
  a wood nymph
  a gnome leader
  a floating eye
  a kitten
  a dwarf
 an iguana
 an acid blob
  a hobbit
  a large kobold
  a hobgoblin
  2 giant rats
  2 green molds
  a red mold
  6 gnomes
  3 jackals
  2 foxes
  a kobold
  3 goblins
  5 sewer rats
  7 grid bugs
  2 bats
  6 lichens
  a kobold zombie
51 creatures vanquished.

No species were genocided or became extinct.

Game over:
                       ----------
                      /          \
                     /    REST    \
                    /      IN      \
                   /     PEACE      \
                  /                  \
                  |    FutureTim     |
                  |      39 Au       |
                  |   killed by a    |
                  |      gnome       |
                  |                  |
                  |                  |
                  |       2026       |
                 *|     *  *  *      | *
        _________)/\\_//(\/(/\)/\//\/|_)_______

Farvel FutureTim the Valkyrie...

You died in The Gnomish Mines on dungeon level 4 with 532 points,
and 39 pieces of gold, after 2093 moves.
You were level 4 with a maximum of 30 hit points when you died.

